 Dungeon Crawl Stone Soup version 0.28.0-45-g0d030f2227 (webtiles) character file.

Game seed: 10180704132848664213

17 NinjaNoafa the Stinger (level 2, -1/20 HPs)
             Began as a Demonspawn Venom Mage on Apr 15, 2022.
             Slain by a gnoll
             ... wielding a +0 flail
              (5 damage)
             ... on level 2 of the Dungeon.
             The game lasted 00:02:23 (1535 turns).

NinjaNoafa the Stinger (Demonspawn Venom Mage)      Turns: 1535, Time: 00:02:24

Health: -1/20      AC:  2    Str:  7 (8)  XL:     2   Next: 44%
Magic:  5/5        EV: 12    Int: 13 (16) God:
Gold:   65         SH:  0    Dex: 12 (13) Spells: 4/5 levels left

rFire   . . .      SeeInvis .   c - staff of death
rCold   + . .      Faith    .   (no shield)
rNeg    + . .      Spirit   .   a - +0 robe
rPois   .          Reflect  .   (helmet restricted)
rElec   .          Harm     .   (no cloak)
rCorr   .          Rampage  .   (no gloves)
Will    .....                   (no boots)
Stlth   ++........              i - amulet of the acrobat
HPRegen 0.06/turn               h - ring of protection from cold
MPRegen 0.09/turn               (no ring)

@: attractive
A: antennae 1
a: no special abilities


You were on level 2 of the Dungeon.
You visited 1 branch of the dungeon, and saw 2 of its levels.

You collected 65 gold pieces.

Inventory:

Armour
 a - a +0 robe (worn)
Magical Staves
 c - a staff of death (weapon)
Jewellery
 h - a ring of protection from cold (left hand)
 i - an amulet of the acrobat (around neck)
Scrolls
 d - a scroll of amnesia {unknown}
 e - a scroll of identify {unknown}
 f - a scroll of magic mapping {unknown}
 g - a scroll of fog {unknown}


   Skills:
 + Level 0.3 Fighting
 + Level 1.9 Dodging
 + Level 1.9 Stealth
 + Level 2.1 Spellcasting
 + Level 0.4 Conjurations
 + Level 1.1 Transmutations
 + Level 0.4 Air Magic
 + Level 3.1 Poison Magic


You had 4 spell levels left.
You knew the following spells:

 Your Spells              Type           Power      Damage    Failure   Level
a - Sting                 Tmut/Pois      24%        1d4       11%         1

Your spell library contained the following spells:

 Spells                   Type           Power      Damage    Failure   Level
 Poisonous Vapours        Pois/Air       12%        N/A       19%         2
 Mephitic Cloud           Conj/Pois/Air  4%         N/A       41%         3
 Olgreb's Toxic Radiance  Pois           9%         N/A       56%         4


Dungeon Overview and Level Annotations

Branches:
Dungeon (2/15)

Altars:


Innate Abilities, Weirdness & Mutations

You have a pair of small antennae on your head.


Message History

Ouch! That really hurt!
Casting: Sting (safe; 9% risk of failure)
Confirm with . or Enter, or press ? or * to list all spells.
Aiming: Sting (safe; 9% risk of failure)
Press: ? - help, Shift-Dir - straight line, f/p - worm
Aim: a worm (almost dead, very poisoned, 89% to hit)
You miscast Sting.
You are very lightly contaminated with residual magic.
Nothing appears to happen.
The worm bites you!
* * * LOW HITPOINT WARNING * * *
You kill the worm!
Your magical contamination has completely faded away.
Magic restored.
HP restored.
k - a fuming inky potion
Found an escape hatch in the ceiling.
A gnoll and a dart slug come into view.
The dart slug moves out of view.
There are monsters nearby!
A gnoll comes into view. It is wielding a +0 flail.
A gnoll comes into view. It is wielding a +0 whip.
A hobgoblin comes into view.
The gnoll shouts! x2; The hobgoblin shouts!
The gnoll shouts!
You hear a shout!
It was a potion of degeneration.
There was something very wrong with that liquid.
You feel weakened.
You feel dopey.
You feel clumsy.
A hobgoblin comes into view.
The gnoll hits you from afar with a +0 halberd!
It was a potion of attraction.
You feel attractive to monsters. The gnoll barely misses you.
The dart slug launches a dart at you. The slug dart misses you.
The gnoll is attracted toward you. x2
The dart slug is attracted toward you. The gnoll is attracted toward you.
The hobgoblin is attracted toward you. x2
The gnoll hits you from afar with a +0 halberd!
* * * LOW HITPOINT WARNING * * *
It was a potion of magic.
Magic courses through your body. The gnoll barely misses you.
The gnoll hits you with a +0 flail.
You die...

..............##
................#
................<...
.......................
......................###
.....ยงยง.................#
.......g.g..............#
......g.gw..............##
........#@.............##.
................>.........
.#####..##...............<
.....#.................
..##.##..............### #
.. #..............# ...
#..............# ...
.............>..#
...#.........[..##


You could see 2 gnolls, a dart slug and 2 hobgoblins.

Vanquished Creatures
  A worm (D:2)
  A dart slug (D:1)
  A hobgoblin (D:1)
  3 jackals (D:1)
  3 kobolds (D:1)
  A quokka (D:1)
10 creatures vanquished.

Notes
Turn   | Place    | Note
-------+----------+-------------------------------------------
     0 | D:1      | NinjaNoafa the Demonspawn Venom Mage began the quest for
                  | the Orb.
     0 | D:1      | Reached XP level 1. HP: 13/13 MP: 3/3
    16 | D:1      | Reached skill level 1 in Transmutations
   377 | D:1      | Gained mutation: You have a pair of small antennae on your
                  | head. [demonic ancestry]
   377 | D:1      | Reached XP level 2. HP: 19/19 MP: 1/5
  1535 | D:2      | Slain by a gnoll

Illustrated notes

Levels and vault maps discovered:
D:1:      minmay_arrival_stone_box, layout_basic
D:2:      layout_rooms, bh_walls_and_bars

Skill      XL: |  1 |
---------------+----+-----
Transmutations | 1 |  1.1
Fighting       | |  0.3
Dodging        | |  1.9
Stealth        | |  1.9
Spellcasting   | |  2.1
Conjurations   | |  0.4
Air Magic      | |  0.4
Poison Magic   | |  3.1

Action                   || total
-------------------------++-------
Melee: Staff             ||    16
       Unarmed           ||     2
       Punch             ||     1
 Cast: Sting             ||    28
  Use: Potion            ||     3
Armor: Robe              ||     4
Dodge: Dodged            ||    27
